 Dungeon Crawl Stone Soup version 0.20.1-1-g8b1a95d (webtiles) character file.

53111 Gobbopathe the Unseen (level 14, -3/85 HPs)
             Began as a Vampire Necromancer on July 22, 2017.
             Was the Champion of Kikubaaqudgha.
             Killed by divine providence
             ... invoked by an orc priest
              (15 damage)
             ... on level 11 of the Dungeon on July 24, 2017.
             The game lasted 02:40:38 (24286 turns).

Gobbopathe the Unseen (Vampire Necromancer)        Turns: 24286, Time: 02:40:39

Health: -3/85      AC:  0    Str:  7    XL:     14   Next: 29%
Magic:  4/29       EV: 26    Int: 23    God:    Kikubaaqudgha [******]
Gold:   1378       SH:  0    Dex: 19    Spells: 10/36 levels left

rFire    . . .     SeeInvis +   (weapon currently unavailable)
rCold    + . .     Gourm    .   (shield currently unavailable)
rNeg     + + .     Faith    .   (armour currently unavailable)
rPois    +         Spirit   .   (helmet currently unavailable)
rElec    .         Reflect  .   (cloak currently unavailable)
rCorr    .         Harm     .   (gloves currently unavailable)
MR       +....                  (boots currently unavailable)
Stlth    +++++++++.             z - amulet of regeneration
Regen    0.4/turn               (ring currently unavailable)
MPRegen  0.3/turn               (ring currently unavailable)

@: bat-form, flying, regenerating slowly, very quick
A: fangs 3, see invisible
a: End Transformation, Receive Corpses, Torment, Brand Weapon With Pain, Receive
Necronomicon, Renounce Religion


You were on level 11 of the Dungeon.
You worshipped Kikubaaqudgha.
Kikubaaqudgha was exalted by your worship.
You were thirsty.
You were in vampire-bat-form.
You visited 3 branches of the dungeon, and saw 18 of its levels.

You collected 1378 gold pieces.

Inventory:

Hand Weapons
 b - a +1 dagger of venom
 d - a +0 blowgun
 e - a +2 falchion of electrocution (melded)
 K - the +7 great mace "Firestarter" {inner flame, rF++}
   (You found it on level 10 of the Dungeon)

   It has been specially enchanted to burn those struck by it, causing extra
   injury to most foes and up to half again as much damage against particularly
   susceptible opponents.
   It greatly protects you from fire.
Missiles
 q - 3 javelins (quivered)
 u - 16 tomahawks
 w - 34 poisoned needles
 C - 7 needles of paralysis
 G - 7 curare-tipped needles
Armour
 j - a +0 cloak of magic resistance (melded)
 s - a +0 pair of gloves (melded)
 I - a cursed +0 pair of boots (melded)
 J - a +1 robe of cold resistance (melded)
 O - a +1 cloak
 Z - a +0 helmet (melded)
Magical Staves
 a - an uncursed staff of power
Jewellery
 f - a +4 ring of evasion
 l - a +6 ring of intelligence (melded)
 v - an uncursed ring of protection from cold
 z - an amulet of regeneration (around neck)
 A - a ring of magical power (melded)
 D - an uncursed ring of protection from magic
 F - an uncursed ring of protection from cold
Wands
 h - a wand of lightning (5/15)
 o - a wand of lightning (7/15)
 t - a wand of enslavement (14/24)
 L - a wand of acid (5/15)
 M - a wand of disintegration (8/24)
 N - a wand of iceblast (12/15)
 W - a wand of digging (22/24)
Scrolls
 g - 2 scrolls of vulnerability {unknown}
 k - a scroll of remove curse
 n - a scroll of magic mapping
 p - a scroll of random uselessness {unknown}
 B - 2 scrolls of fear
 E - 4 scrolls of identify
 Q - 4 scrolls of teleportation
Potions
 c - 36 potions of blood
 i - 6 potions of curing
 r - 2 potions of might
 x - 4 potions of berserk rage
 H - 5 potions of heal wounds
 P - a potion of haste
Books
 y - a book of Battle

   Spells                             Type                      Level
   a - Infusion                       Charms                       1
   b - Shroud of Golubria             Charms/Translocation         2
   c - Song of Slaying                Charms                       2
   d - Spectral Weapon                Hexes/Charms                 3
   e - Regeneration                   Charms/Necromancy            3
Miscellaneous
 m - a crystal ball of energy


   Skills:
 + Level 1.2 Short Blades
 + Level 6.3 Dodging
 - Level 16.4 Stealth
 + Level 11.5 Spellcasting
 - Level 8.2 Conjurations
 * Level 15.4 Necromancy
 + Level 4.6 Evocations


You had 10 spell levels left.
You knew the following spells:

 Your Spells              Type           Power        Failure   Level  Hunger
a - Pain                  Necr           ####         0%          1    None
b - Vampiric Draining     Necr           ######....   1%          3    None
c - Control Undead        Necr           ######....   1%          4    None
d - Animate Dead          Necr           N/A          1%          4    None
e - Iskenderun's Mystic   Conj           ######..     1%          4    None
f - Bolt of Draining      Conj/Necr      ######....   1%          5    ####...
g - Dispel Undead         Necr           ######..     1%          5    ####...


Dungeon Overview and Level Annotations

Branches:
Dungeon (11/15)            Temple (1/1) D:6            Lair (6/6) D:8
  Swamp (0/4) Lair:4       Spider (0/4) Lair:4        Slime (0/5) Lair:6
    Orc: D:9-12

Altars:
Cheibriados
Elyvilon
Fedhas
Gozag
Kikubaaqudgha
Makhleb
Nemelex Xobeh
Qazlal
Ru
Sif Muna
Trog
Yredelemnul
Zin
Jiyva

Shops:
D:4 (   D:5 :

Annotations:
D:8 exclusion: ice statue
Lair:1 exclusion: 2 doors
Lair:2 exclusion: oklob plant


Innate Abilities, Weirdness & Mutations

You heal slowly.
You have razor-sharp teeth.
You have supernaturally acute eyesight. (SInv)
((You can survive without breathing.))


Message History

Your cursed +0 pair of boots melds into your body.
Your +1 robe of cold resistance melds into your body.
Your +6 ring of intelligence melds into your body.
Your ring of magical power melds into your body.
Your +2 falchion of electrocution stops crackling.
You feel less resistant to hostile enchantments.
You feel less resistant to cold.
You feel stupid.
You feel your magic capacity decrease.
The vampire mosquito completely misses you. x2
A scorpion comes into view.
The orc priest mumbles some strange prayers to Beogh against you.
Beogh smites you!
* * * LOW HITPOINT WARNING * * *
Things that are here:
an enchanted war axe; a robe; a howler monkey corpse The orc priest calls down the wrath of Beogh upon you.
Beogh smites you!
You die...
Kikubaaqudgha rasps: "You have failed me!
Welcome... oblivion!"

#....# #.# #.# #...Z#
#.####.## #..>.#
#.##....# ####.#
#.##....#
##.#######.##....#
##...........#....####..
##.>#........)#...o.o.o..
#..##.....)<..#)...##...#
#.###.........by)..o....#
###.#
#.........#######.#s#
#...# #(........# ..
..### #.........# . <##
########### ## #######
.....(. #######


You could see a vampire mosquito, 2 orc priests and an orc wizard.

Vanquished Creatures
  The ghost of spiff the Geomancer, a journeyman GrEE of Makhleb (Lair:6)
  Nessos (Lair:4)
  A fire dragon (Lair:6)
  5 hydras
  An ice dragon (Lair:6)
  3 two-headed ogres
  5 death yaks (Lair:3)
  An unseen horror (D:10)
  A swamp dragon (Lair:6)
  A lindwurm (Lair:6)
  12 elephants
  6 black mambas
  Maurice (D:9)
  11 torpor snails
  9 spiny frogs
  3 rime drakes (Lair:6)
  5 komodo dragons
  A troll (D:8)
  3 meliai (Lair:4)
  2 tyrant leeches (Lair:6)
  3 hornets (Lair:6)
  5 hippogriffs
  8 blink frogs
  2 dream sheep (Lair:6)
  3 redbacks (Lair:4)
  A shadow (D:9)
  A vampire (D:9)
  Sigmund (D:2)
  8 spriggans (Lair:2)
  2 wyverns
  24 yaks
  2 hungry ghosts
  4 basilisks
  A steam dragon (Lair:6)
  Edmund (D:6)
  3 acid dragons (Lair:6)
  6 porcupines
  7 water moccasins
  A swamp drake (Lair:4)
  2 orc warriors
  A black bear (Lair:1)
  An eye of draining (D:10)
  2 ice beasts
  A phantom (D:8)
  2 sky beasts
  A necrophage (D:6)
  15 wolves
  2 ogres
  A centaur (D:5)
  18 crocodiles
  A gnoll sergeant (D:10)
  10 bullfrogs
  2 wyvern zombies
  8 scorpions
  16 killer bees (Lair:4)
  10 wights
  4 howler monkeys
  6 electric eels
  2 bullfrog zombies
  2 crimson imps
  2 jellies (D:7)
  A centaur skeleton (D:9)
  An orc priest (D:10)
  A quasit (D:11)
  5 hounds
  4 bullfrog skeletons
  Natasha (thrice) (D:2)
  4 iguanas
  10 orc wizards
  5 worker ants
  A hound zombie (D:7)
  A hound skeleton (D:8)
  16 gnolls
  A howler monkey skeleton (D:4)
  6 adders
  3 adder skeletons
  2 worms
  10 dart slugs
  4 leopard geckos
  40 orcs
  5 giant cockroaches
  7 goblins
  5 hobgoblins
  20 jackals
  16 kobolds
  4 quokkas
  3 ball pythons
  7 bats
  11 frilled lizards
  2 leopard gecko skeletons
  A leopard gecko zombie (D:8)
  4 rats
468 creatures vanquished.

Vanquished Creatures (collateral kills)
  A hydra (Lair:4)
  2 elephants (Lair:6)
  A centaur zombie (D:11)
  2 spiny frogs
  A queen bee (Lair:4)
  3 hornets (Lair:6)
  2 tyrant leeches (Lair:6)
  A polar bear (Lair:3)
  A blink frog (Lair:3)
  2 dream sheep (Lair:6)
  A hippogriff (Lair:4)
  2 spriggans
  9 yaks
  2 vampire mosquitoes (D:11)
  An acid dragon (Lair:6)
  2 porcupines
  A black bear (Lair:3)
  A centaur (Lair:3)
  A phantom (D:11)
  A wolf (Lair:6)
  4 crocodiles
  A wyvern zombie (D:9)
  4 killer bees (Lair:4)
  3 wights
  A howler monkey (D:11)
  A jelly (D:11)
  An orc priest (D:11)
  A hound (D:9)
  An iguana (Lair:4)
  An adder (D:9)
  2 orcs (D:11)
  A plant (Lair:6)
58 creatures vanquished.

Vanquished Creatures (others)
  10 fungi
  14 plants
24 creatures vanquished.

Grand Total: 550 creatures vanquished

Notes
Turn   | Place    | Note
-------+----------+-------------------------------------------
     0 | D:1      | Gobbopathe the Vampire Necromancer began the quest for the Orb.
     0 | D:1      | Reached XP level 1. HP: 13/13 MP: 3/3
   161 | D:1      | Reached XP level 2. HP: 18/19 MP: 3/5
   798 | D:1      | Reached XP level 3. HP: 23/24 MP: 3/6
   803 | D:1      | Learned a level 3 spell: Vampiric Draining
   877 | D:1      | Reached skill level 4 in Stealth
   877 | D:1      | Reached skill level 5 in Necromancy
  1187 | D:2      | Reached XP level 4. HP: 26/30 MP: 5/8
  1219 | D:2      | Learned a level 4 spell: Control Undead
  1334 | D:2      | Noticed Sigmund
  1376 | D:2      | Noticed Natasha
  1381 | D:2      | Killed Natasha
  1388 | D:2      | Noticed Natasha
  1397 | D:2      | Killed Natasha
  1582 | D:2      | Found a white marble altar of Elyvilon.
  1611 | D:2      | Reached XP level 5. HP: 30/35 MP: 3/9
  1802 | D:2      | Noticed Natasha
  1809 | D:2      | Killed Natasha
  1809 | D:2      | Reached skill level 5 in Stealth
  2124 | D:3      | Found a sacrificial altar of Ru.
  2915 | D:3      | Reached XP level 6. HP: 41/41 MP: 8/10
  3001 | D:3      | Found a sparkling altar of Nemelex Xobeh.
  3040 | D:3      | Found a stormy altar of Qazlal.
  3397 | D:4      | Found Gefux's Weapon Shop.
  3772 | D:4      | Reached skill level 6 in Stealth
  4295 | D:4      | Got a scorched dagger
  4566 | D:5      | Entered Level 5 of the Dungeon
  4676 | D:5      | Found a blossoming altar of Fedhas.
  4681 | D:5      | Noticed an ice beast
  4729 | D:5      | Reached XP level 7. HP: 35/46 MP: 8/12
  4784 | D:5      | Found Qithept's Book Shoppe.
  5334 | D:5      | Reached skill level 7 in Stealth
  5483 | D:6      | Learned a level 4 spell: Animate Dead
  5531 | D:6      | Noticed Edmund
  5548 | D:6      | Killed Edmund
  5838 | D:2      | Killed Sigmund
  5838 | D:2      | Reached XP level 8. HP: 49/52 MP: 9/14
  5995 | D:6      | Found a staircase to the Ecumenical Temple.
  6003 | Temple   | Entered the Ecumenical Temple
  6019 | Temple   | Became a worshipper of Kikubaaqudgha
  6136 | D:6      | Found a basalt altar of Yredelemnul.
  6216 | D:6      | Reached skill level 8 in Stealth
  6829 | D:6      | Reached skill level 5 in Spellcasting
  7533 | D:7      | Reached * piety under Kikubaaqudgha
  7533 | D:7      | Identified Kikubaaqudgha's Tome of Sinister Magic (Kikubaaqudgha gifted it to you on level 7 of the Dungeon)
  7533 | D:7      | Received a gift from Kikubaaqudgha
  7782 | D:7      | Reached skill level 9 in Stealth
  7782 | D:7      | Reached skill level 10 in Necromancy
  8390 | D:8      | Reached XP level 9. HP: 33/57 MP: 5/17
  8813 | D:8      | Got a warped ring mail
  8824 | D:8      | Identified the cursed +0 ring mail of Beogh's Castigation {rPois rN+ Str-2} (You found it on level 8 of the Dungeon)
  9109 | D:8      | Reached skill level 10 in Stealth
  9493 | D:8      | Found a staircase to the Lair.
  9498 | D:8      | HP: 2/57 [electric eel/bolt of electricity (13)]
 10437 | D:8      | Noticed a troll
 10897 | D:8      | Noticed an ice statue
 11762 | D:8      | Reached skill level 11 in Stealth
 12174 | Lair:1   | Entered Level 1 of the Lair of Beasts
 12194 | Lair:1   | Noticed an ice devil
 12280 | Lair:1   | Reached ** piety under Kikubaaqudgha
 12340 | Lair:1   | Reached XP level 10. HP: 56/63 MP: 10/20
 12764 | Lair:1   | Reached skill level 12 in Stealth
 13224 | Lair:1   | Identified a scroll of acquirement
 13675 | Lair:1   | Noticed a spiny frog
 13679 | Lair:1   | Noticed a spiny frog
 13687 | Lair:1   | Killed a spiny frog
 13796 | Lair:1   | Killed a spiny frog
 13986 | Lair:1   | Reached XP level 11. HP: 55/68 MP: 14/23
 14138 | Lair:1   | Learned a level 4 spell: Iskenderun's Mystic Blast
 14435 | Lair:2   | Reached skill level 13 in Stealth
 14435 | Lair:2   | Reached skill level 1 in Conjurations
 15187 | Lair:2   | Reached *** piety under Kikubaaqudgha
 15187 | Lair:2   | Identified Kikubaaqudgha's Incunabulum of Dark Rites (Kikubaaqudgha gifted it to you on level 2 of the Lair of Beasts)
 15187 | Lair:2   | Received a gift from Kikubaaqudgha
 15197 | Lair:2   | Learned a level 5 spell: Bolt of Draining
 15203 | Lair:2   | Learned a level 5 spell: Dispel Undead
 15508 | Lair:2   | Noticed an oklob plant
 15525 | Lair:2   | Found a snail-covered altar of Cheibriados.
 15677 | Lair:2   | Reached skill level 14 in Stealth
 15996 | Lair:3   | Noticed a death yak
 16194 | Lair:3   | Noticed a five-headed hydra
 16295 | Lair:3   | Killed a five-headed hydra
 16391 | Lair:3   | Reached skill level 5 in Conjurations
 16464 | Lair:3   | Reached XP level 12. HP: 74/74 MP: 25/25
 16655 | Lair:3   | Noticed an eight-headed hydra
 16666 | Lair:3   | Killed an eight-headed hydra
 16784 | Lair:3   | Noticed a death yak
 16785 | Lair:3   | Noticed a death yak
 16787 | Lair:3   | Noticed a death yak
 16787 | Lair:3   | Noticed a death yak
 16799 | Lair:3   | Killed a death yak
 16799 | Lair:3   | Killed a death yak
 16799 | Lair:3   | Reached skill level 15 in Stealth
 16806 | Lair:3   | Killed a death yak
 16807 | Lair:3   | Killed a death yak
 16807 | Lair:3   | Reached **** piety under Kikubaaqudgha
 16808 | Lair:3   | Killed a death yak
 17168 | Lair:4   | Found a staircase to the Swamp.
 17170 | Lair:4   | Noticed Nessos
 17183 | Lair:4   | Killed Nessos
 17401 | Lair:4   | Reached skill level 10 in Spellcasting
 17839 | Lair:4   | Found a hole to the Spider Nest.
 17922 | Lair:4   | Reached skill level 16 in Stealth
 18313 | Lair:4   | Noticed a four-headed hydra
 18318 | Lair:4   | Killed a four-headed hydra
 18386 | Lair:4   | Reached XP level 13. HP: 77/79 MP: 27/27
 19632 | Lair:5   | Reached skill level 1 in Evocations
 19635 | Lair:5   | Reached ***** piety under Kikubaaqudgha
 19892 | Lair:6   | Entered Level 6 of the Lair of Beasts
 20233 | Lair:6   | Found a runed door.
 20652 | Lair:6   | Noticed spiff's ghost (journeyman GrEE)
 20841 | Lair:6   | Killed spiff's ghost
 20951 | Lair:6   | Found a viscous altar of Jiyva.
 20951 | Lair:6   | Found a staircase to the Slime Pits.
 21092 | Lair:6   | Reached skill level 5 in Dodging
 21548 | Lair:6   | Noticed a fire dragon
 21701 | Lair:6   | Killed a fire dragon
 21955 | Lair:6   | Reached XP level 14. HP: 85/85 MP: 15/29
 22063 | Lair:6   | Reached skill level 15 in Necromancy
 22509 | D:9      | Noticed Maurice
 22511 | D:9      | Killed Maurice
 23053 | D:10     | Entered Level 10 of the Dungeon
 24228 | D:11     | Reached skill level 1 in Short Blades
 24234 | D:11     | Reached ****** piety under Kikubaaqudgha
 24286 | D:11     | Killed from afar by an orc priest

Skill      XL: |  1  2  3  4  5  6  7  8  9 10 11 12 13 14 |
---------------+-------------------------------------------+-----
Stealth        | 4 5 6 7 9 11 12 14 16 | 16.4
Necromancy     | 5 6 7 8 10 11 13 14 15 | 15.4
Spellcasting   | 3 4 5 6 8 9 10 11 | 11.5
Conjurations   | 5 7 8 |  8.2
Evocations     | 4 |  4.6
Dodging        | 5 6 |  6.3
Short Blades   | 1 |  1.2

Action                   |  1- 3 |  4- 6 |  7- 9 | 10-12 | 13-15 || total
-------------------------+-------+-------+-------+-------+-------++-------
Melee: Dagger            |    11 |    49 |   152 |    74 |    46 ||   332
       Whip              |     1 |       |       |       |       ||     1
       Bite              |       |     4 |    21 |    11 |     8 ||    44
       Long sword        |       |     9 |       |       |       ||     9
       Falchion          |       |     6 |    82 |    32 |    16 ||   136
       Staff             |       |       |     1 |       |    34 ||    35
       Unarmed           |       |       |       |     1 |       ||     1
Throw: Javelin           |       |       |     6 |     3 |     1 ||    10
 Cast: Pain              |    53 |    93 |   128 |   111 |    20 ||   405
       Vampiric Draining |     1 |    10 |    35 |    67 |     4 ||   117
       Control Undead    |       |       |     7 |     2 |     2 ||    11
       Animate Dead      |       |       |     2 |    22 |    13 ||    37
       Bolt of Draining  |       |       |       |    92 |   157 ||   249
       Dispel Undead     |       |       |       |       |     9 ||     9
 Abil: Bat Form          |       |     4 |     7 |    10 |     3 ||    24
       End Transformatio |       |     4 |     7 |     9 |     2 ||    22
  Use: Potion            |     1 |     9 |    23 |    35 |    17 ||    85
       Scroll            |     2 |     1 |     4 |    11 |     1 ||    19
 Stab: Sleeping          |     2 |    29 |    22 |    22 |    26 ||   101
Armor: Robe              |     5 |     3 |    37 |    21 |    20 ||    86
       Leather armour    |       |       |     1 |       |       ||     1
Dodge: Dodged            |    15 |    32 |   201 |   151 |    68 ||   467
Block: Other             |       |       |       |    11 |       ||    11
       Rpst.: Long sword |       |     2 |       |       |       ||     2
       Falchion          |       |       |    21 |    13 |     1 ||    35
